 Dungeon Crawl Stone Soup version 0.31-a0-455-g1a7b003ef0 (webtiles) character file.

Game seed: 3421303842479393453

22 ytrimaz the Ruffian (level 2, -1/21 HPs)
             Began as a Demonspawn Shapeshifter on Aug 4, 2023.
             Slain by a kobold
             ... wielding a +0 dagger
              (2 damage)
             ... on level 1 of the Dungeon.
             The game lasted 00:00:37 (537 turns).

ytrimaz the Ruffian (Demonspawn Shapeshifter)        Turns: 537, Time: 00:00:38

Health: -1/21      AC:  2    Str: 15    XL:     2   Next: 68%
Magic:  2/2        EV: 12    Int:  9    God:
Gold:   35         SH:  0    Dex: 13    Spells: 1/1 levels left

rFire   . .          .
                       - Unarmed
rCold   . . .        (no shield)
rNeg    . . .        a - +0 animal skin
rPois   .            (helmet currently unavailable)
rElec   .            (cloak currently unavailable)
rCorr   .            (gloves currently unavailable)
SInv    +            (boots currently unavailable)
Will    .....        (no amulet)
Stlth   +            h - ring of see invisible
HPRegen 0.23/turn    (no ring)
MPRegen 0.08/turn

%: no passive effects
@: beast-form
A: beast (slay +2), ignite blood 1
a: Begin Untransformation


You were on level 1 of the Dungeon.
You were a hulking beast.
You visited 1 branch of the dungeon, and saw 1 of its levels.

You collected 35 gold pieces.


Innate Abilities, Weirdness & Mutations

You are a hulking beast.
Your limbs bulge with bestial killing power. (Slay +2)
Your demonic aura sometimes causes spilled blood to erupt in flames.


   Skills:
 - Level 1.0 Fighting
 - Level 1.7 Dodging
 * Level 3.3 Unarmed Combat
 + Level 2.9 Shapeshifting


You had one spell level left.
You didn't know any spells.
Your spell library was empty.

Inventory:

Armour
 a - a +0 animal skin (worn)
Jewellery
 h - a ring of see invisible (left hand)
   (You found it on level 1 of the Dungeon)
Talismans
 c - a beast talisman (active)
Scrolls
 d - a scroll of teleportation {unknown}
 f - 2 scrolls of identify {unknown}
Potions
 b - a potion of lignification
 e - a potion of curing {unknown}
 g - a potion of brilliance {unknown}
 i - a potion of enlightenment {unknown}
 j - a potion of cancellation {unknown}

Dungeon Overview and Level Annotations

Branches:
Dungeon (1/15) Zot: 5464

Altars:

.# #.....
#..........# .#
###.........# .#
...........## .#
.#####.###.##
.####### ######.##
#.# #..## .......#
#.......####.#
##... .#####.#
#..........#. ####
## #.#
#####..K....#
#.#######
######.###......h.#
#........
..................#
##########.
######.###........#
#.....# #. #.#
#...?....# #.###.#
#. #.# #.########
#.#.#.####. #.# #.#
#.#......#. #.# ..#
#.#.#...... #.#.#..
#...)###... #.#.##.
###### ####


You could see a kobold.


Message History

You kill the rat!
No target in view!
You see here a rat corpse.
No target in view!
Unknown command.
No target in view!
A ball python comes into view.
A ball python is nearby!
A ball python is nearby!
The ball python completely misses you. The ball python grabs you.
The ball python constricts you. 😕 HP[-1]
You take 1 damage, and now have 20/21 hp.
You hit the ball python.
You kill the ball python!
No target in view!
Unknown command. 😎 HP[+1]
Your hp is fully restored (21).
No target in view!
You now have 35 gold pieces (gained 9).
A gnoll comes into view. It is wielding a +0 flail.
A gnoll is nearby!
A gnoll is nearby!
The gnoll shouts!
A quokka comes into view.
A kobold comes into view. It is wielding a +0 dagger.
You closely miss the gnoll.
The kobold shouts!
The gnoll closely misses you. The quokka barely misses you.
You hit the gnoll but do no damage. The quokka closely misses you.
The gnoll hits you but does no damage.
You hit the gnoll. The quokka bites you. The gnoll closely misses you. 😕 HP[-2]
You take 2 damage, and now have 19/21 hp.
You hit the gnoll. The quokka misses you.
The gnoll hits you with a +0 flail. 😕 HP[-3]
You take 3 damage, and now have 16/21 hp.
You hit the gnoll. The quokka barely misses you.
The kobold hits you but does no damage. The gnoll hits you with a +0 flail.
The quokka bites you. 😮 HP[-4]
You take 4 damage, and now have 12/21 hp.
You are too injured to fight recklessly!
You are too injured to fight recklessly!
You are too injured to fight recklessly!
You are too injured to fight recklessly!
You are too injured to fight recklessly!
You are too injured to fight recklessly!
You are too injured to fight recklessly!
You are too injured to fight recklessly!
You are too injured to fight recklessly!
Unknown command.
You hit the gnoll.
You kill the gnoll!
The kobold hits you but does no damage. The quokka misses you.
The quokka bites you.
* * * LOW HITPOINT WARNING * * *
The kobold hits you with a +0 dagger.
* * * LOW HITPOINT WARNING * * *
You see here a +0 flail. 😨 HP[-4]
You take 4 damage, and now have 8/21 hp.
The quokka barely misses you. The kobold completely misses you.
Unknown command.
The quokka closely misses you. The kobold barely misses you.
You see here a +0 flail.
You hit the quokka but do no damage. The quokka barely misses you.
The kobold hits you with a +0 dagger.
* * * LOW HITPOINT WARNING * * *
You hit the quokka. The quokka misses you.
The kobold hits you with a +0 dagger.
* * * LOW HITPOINT WARNING * * *
😨 HP[-2]
You take 2 damage, and now have 6/21 hp.
You hit the quokka. The quokka closely misses you.
The kobold hits you with a +0 dagger.
* * * LOW HITPOINT WARNING * * *
😱 HP[-2]
You take 2 damage, and now have 4/21 hp.
Unknown command.
You hit the quokka but do no damage. You punch the quokka, but do no damage.
The quokka barely misses you.
The quokka bites you but does no damage.
The kobold hits you with a +0 dagger.
* * * LOW HITPOINT WARNING * * *
😱 HP[-3]
You take 3 damage, and now have 1/21 hp.
You hit the quokka.
You kill the quokka! 😱 HP[+1] Unknown command.
Okay, then.
You closely miss the kobold. The kobold hits you with a +0 dagger.
* * * LOW HITPOINT WARNING * * *
😱 HP[-1]
You take 1 damage, and now have 1/21 hp.
You barely miss the kobold. The kobold hits you with a +0 dagger.
You die...

Skill      XL: |  1 |
---------------+----+-----
Unarmed Combat | 3 |  3.3
Fighting       | |  1.0
Dodging        | |  1.7
Shapeshifting  | |  2.9

Action                     || total
---------------------------++-------
  Melee: Unarmed           ||    33
         Punch             ||     2
 Armour: Animal skin       ||     6
  Dodge: Dodged            ||    30

Levels and vault maps discovered:
D:1:      minmay_arrival_wavy_path, layout_basic, nicolae_figureground_pulse

Notes
Turn   | Place    | Note
-------+----------+-------------------------------------------
     0 | D:1      | ytrimaz the Demonspawn Shapeshifter began the quest for the
                  | Orb.
     0 | D:1      | Reached XP level 1. HP: 15/15 MP: 1/1
     0 | D:1      | magus.rc [v1.9.6]
   396 | D:1      | Reached skill level 3 in Unarmed Combat
   445 | D:1      | Gained mutation: Your demonic aura sometimes causes spilled
                  | blood to erupt in flames. [demonic ancestry]
   445 | D:1      | Reached XP level 2. HP: 16/21 MP: 2/2
   533 | D:1      | HP: 4/21 [kobold/+0 dagger (2)]
   534 | D:1      | HP: 1/21 [kobold/+0 dagger (3)]
   537 | D:1      | Slain by a kobold

Vanquished Creatures
  A gnoll (D:1)
  A dart slug (D:1)
  An endoplasm (D:1)
  A goblin (D:1)
  A quokka (D:1)
  3 ball pythons (D:1)
  3 rats (D:1)
11 creatures vanquished.

Table legend:
 A = Non-vault XP
 B = Vault XP
 C = Vault XP percentage of total XP
 D = Non-vault monster count
 E = Vault monster count
 F = Vault count percentage of total count
                 A         B        C        D         E       F
            +---------+---------+-------+---------+---------+-------
      Total |      32 |       0 |   0.0 |      11 |       0 |   0.0
            +---------+---------+-------+---------+---------+-------
        D:1 |      32 |       0 |   0.0 |      11 |       0 |   0.0
            +---------+---------+-------+---------+---------+-------

Skill      XL: |  1 |
---------------+----+-----
Unarmed Combat | 3 |  3.3
Fighting       | |  1.0
Dodging        | |  1.7
Shapeshifting  | |  2.9

Action                     || total
---------------------------++-------
  Melee: Unarmed           ||    33
         Punch             ||     2
 Armour: Animal skin       ||     6
  Dodge: Dodged            ||    30

Illustrated notes

Table legend:
 A = Kills in this place as a percentage of kills in the entire game.
 B = Kills by you in this place as a percentage of kills by you in the entire game.
 C = Kills by friends in this place as a percentage of kills by friends in the entire game.
 D = Other kills in this place as a percentage of other kills in the entire game.
 E = Experience gained in this place as a percentage of experience gained in the entire game.
 F = Experience gained in this place divided by the number of levels of this place that you have seen.
                   A       B       C       D       E      F
               +-------+-------+-------+-------+-------+----------------------
         Total | 100.0 | 100.0 |   N/A |   N/A | 100.0 |  32.0
       Dungeon | 100.0 | 100.0 |   N/A |   N/A | 100.0 |  32.0
               +-------+-------+-------+-------+-------+----------------------

Table legend: (Time is in decaauts)
 A = Elapsed time spent in this place.
 B = Non-inter-level travel time spent in this place.
 C = Inter-level travel time spent in this place.
 D = Time resting spent in this place.
 E = Time spent auto-exploring this place.
 F = Levels seen in this place.
 G = Mean time per level.
                   A        B        C        D        E       F      G
               +--------+--------+--------+--------+--------+-----+--------+
         Total |    534 |    534 |      0 |      0 |    447 |   1 |  534.0 |
       Dungeon |    534 |    534 |      0 |      0 |    447 |   1 |  534.0 |
               +--------+--------+--------+--------+--------+-----+--------+

Top non-repeatable levels by time:
     D:1: 534 daAuts
